%YAML 1.1
%TAG !u! tag:unity3d.com,2011:
--- !u!114 &-7621900441598143544
MonoBehaviour:
  m_ObjectHideFlags: 0
  m_CorrespondingSourceObject: {fileID: 0}
  m_PrefabInstance: {fileID: 0}
  m_PrefabAsset: {fileID: 0}
  m_GameObject: {fileID: 0}
  m_Enabled: 1
  m_EditorHideFlags: 0
  m_Script: {fileID: 11500000, guid: 5f5997cd81d23174c96282aa731fbd17, type: 3}
  m_Name: Response
  m_EditorClassIdentifier: 
  graph: {fileID: 11400000}
  position: {x: -552, y: -8}
  ports:
    keys:
    - input
    - output
    values:
    - _fieldName: input
      _node: {fileID: -7621900441598143544}
      _typeQualifiedName: GraphNode, Assembly-CSharp, Version=0.0.0.0, Culture=neutral,
        PublicKeyToken=null
      connections:
      - fieldName: output
        node: {fileID: 562029628576074659}
        reroutePoints: []
      _direction: 0
      _connectionType: 0
      _typeConstraint: 0
      _dynamic: 0
    - _fieldName: output
      _node: {fileID: -7621900441598143544}
      _typeQualifiedName: GraphNode, Assembly-CSharp, Version=0.0.0.0, Culture=neutral,
        PublicKeyToken=null
      connections:
      - fieldName: input
        node: {fileID: -2491893005416876306}
        reroutePoints: []
      _direction: 1
      _connectionType: 0
      _typeConstraint: 0
      _dynamic: 0
  input: {fileID: 0}
  output: {fileID: -7621900441598143544}
  key: 
  response: How about I fuck off then
--- !u!114 &-2491893005416876306
MonoBehaviour:
  m_ObjectHideFlags: 0
  m_CorrespondingSourceObject: {fileID: 0}
  m_PrefabInstance: {fileID: 0}
  m_PrefabAsset: {fileID: 0}
  m_GameObject: {fileID: 0}
  m_Enabled: 1
  m_EditorHideFlags: 0
  m_Script: {fileID: 11500000, guid: 204db00e3627e24409d366ace3364f73, type: 3}
  m_Name: Exit
  m_EditorClassIdentifier: 
  graph: {fileID: 11400000}
  position: {x: -289.985, y: 44.70391}
  ports:
    keys:
    - input
    - output
    values:
    - _fieldName: input
      _node: {fileID: -2491893005416876306}
      _typeQualifiedName: GraphNode, Assembly-CSharp, Version=0.0.0.0, Culture=neutral,
        PublicKeyToken=null
      connections:
      - fieldName: output
        node: {fileID: -7621900441598143544}
        reroutePoints: []
      _direction: 0
      _connectionType: 0
      _typeConstraint: 0
      _dynamic: 0
    - _fieldName: output
      _node: {fileID: -2491893005416876306}
      _typeQualifiedName: GraphNode, Assembly-CSharp, Version=0.0.0.0, Culture=neutral,
        PublicKeyToken=null
      connections: []
      _direction: 1
      _connectionType: 0
      _typeConstraint: 0
      _dynamic: 0
  input: {fileID: 0}
  output: {fileID: -2491893005416876306}
  key: 
--- !u!114 &11400000
MonoBehaviour:
  m_ObjectHideFlags: 0
  m_CorrespondingSourceObject: {fileID: 0}
  m_PrefabInstance: {fileID: 0}
  m_PrefabAsset: {fileID: 0}
  m_GameObject: {fileID: 0}
  m_Enabled: 1
  m_EditorHideFlags: 0
  m_Script: {fileID: 11500000, guid: 575ee7957a1de9f4db8bad12fc1298e3, type: 3}
  m_Name: FirstResponder-O-1
  m_EditorClassIdentifier: 
  nodes:
  - {fileID: -7621900441598143544}
  - {fileID: 562029628576074659}
  - {fileID: -2491893005416876306}
  timesVisited: 0
  inProgress: 0
--- !u!114 &562029628576074659
MonoBehaviour:
  m_ObjectHideFlags: 0
  m_CorrespondingSourceObject: {fileID: 0}
  m_PrefabInstance: {fileID: 0}
  m_PrefabAsset: {fileID: 0}
  m_GameObject: {fileID: 0}
  m_Enabled: 1
  m_EditorHideFlags: 0
  m_Script: {fileID: 11500000, guid: db7b180e58fcaec40b043e431cc3d64d, type: 3}
  m_Name: Entry
  m_EditorClassIdentifier: 
  graph: {fileID: 11400000}
  position: {x: -737.2741, y: 45.279617}
  ports:
    keys:
    - input
    - output
    values:
    - _fieldName: input
      _node: {fileID: 562029628576074659}
      _typeQualifiedName: GraphNode, Assembly-CSharp, Version=0.0.0.0, Culture=neutral,
        PublicKeyToken=null
      connections: []
      _direction: 0
      _connectionType: 0
      _typeConstraint: 0
      _dynamic: 0
    - _fieldName: output
      _node: {fileID: 562029628576074659}
      _typeQualifiedName: GraphNode, Assembly-CSharp, Version=0.0.0.0, Culture=neutral,
        PublicKeyToken=null
      connections:
      - fieldName: input
        node: {fileID: -7621900441598143544}
        reroutePoints: []
      _direction: 1
      _connectionType: 0
      _typeConstraint: 0
      _dynamic: 0
  input: {fileID: 0}
  output: {fileID: 562029628576074659}
  key: 
  visit: 0
